 Dungeon Crawl Stone Soup version 0.22-a0-402-ga933591 (webtiles) character file.

4265 iamserjio the Nimble (level 10, -8/53 HPs)
             Began as a Spriggan Arcane Marksman on May 7, 2018.
             Was a Believer of Okawaru.
             Mangled by a sixfirhy (9 damage)
             ... summoned by a kobold demonologist
             ... on level 9 of the Dungeon.
             The game lasted 00:54:33 (13867 turns).

iamserjio the Nimble (Spriggan Arcane Marksman)    Turns: 13867, Time: 00:54:34

Health: -8/53      AC:  6    Str: 18    XL:     10   Next: 10%
Magic:  6/15       EV: 24    Int: 17    God:    Okawaru [**....]
Gold:   227        SH:  0    Dex: 17    Spells: 2/15 levels left

rFire    . . .     SeeInvis +   C - +0 short sword (drain)
rCold    + . .     Gourm    .   (shield restricted)
rNeg     . . .     Faith    .   u - +0 troll leather armour
rPois    .         Spirit   .   (helmet restricted)
rElec    .         Reflect  .   P - +1 cloak of Catatonia {Str+9 Int+2}
rCorr    .         Harm     .   (gloves unavailable)
MR       +....                  (boots unavailable)
Stlth    +.........             s - amulet of rage
HPRegen  0.57/turn              m - ring of protection from cold
MPRegen  0.14/turn              (no ring)

@: about to teleport, very quick
A: very small, unfitting armour, see invisible, herbivore, speed 3, slow
metabolism 2
a: Heroism, Renounce Religion, Evoke Berserk Rage


You were on level 9 of the Dungeon.
You worshipped Okawaru.
Okawaru was pleased with you.
You were hungry.

You visited 1 branch of the dungeon, and saw 9 of its levels.
You also visited: Bailey.

You collected 571 gold pieces.
You spent 344 gold pieces at shops.

Inventory:

Hand Weapons
 a - a +0 hand crossbow
 l - a +1 vampiric whip
 w - a +4 dagger of chaos
 C - a +0 short sword of draining (weapon)
Missiles
 E - 18 bolts
Armour
 e - a +0 robe
 u - a +0 troll leather armour (worn)
 A - a +2 cloak
 G - a +0 buckler
 I - the +2 cloak of the Ecumenical Temple {rPois MR+ Int+3 Dex-5}
   (You found it on level 8 of the Dungeon)

   It affects your intelligence (+3).
   It affects your dexterity (-5).
   It protects you from poison.
   It affects your resistance to hostile enchantments.
 M - a +0 pair of gloves of strength
 O - +2 fire dragon scales
 P - the +1 cloak of Catatonia (worn) {Str+9 Int+2}
   (You bought it in a shop on level 9 of the Dungeon)

   It affects your strength (+9).
   It affects your intelligence (+2).
Magical Staves
 K - an uncursed staff of power {unknown}
 N - an uncursed staff of conjuration {unknown}
Jewellery
 m - a ring of protection from cold (left hand)
 s - an amulet of rage (around neck)
Wands
 d - a wand of flame (27)
 J - a wand of enslavement (22)
 L - a wand of random effects (2)
Scrolls
 c - 3 scrolls of immolation
 g - 3 scrolls of teleportation
 h - a scroll of brand weapon {unknown}
 i - 5 scrolls of amnesia
 n - 2 scrolls of enchant armour
 p - 2 scrolls of enchant weapon
 q - a scroll of magic mapping
 r - a scroll of fear
 v - 3 scrolls of remove curse
 x - a scroll of random uselessness {unknown}
 y - 2 scrolls of identify
 z - a scroll of blinking {unknown}
 B - 2 scrolls of fog {unknown}
Potions
 b - 4 potions of curing
 j - a potion of invisibility {unknown}
 k - 2 potions of might
 o - a potion of berserk rage {unknown}
 t - a potion of haste {unknown}
 D - 2 potions of brilliance {unknown}
 F - 2 potions of heal wounds {unknown}
 H - a potion of lignification {unknown}
Comestibles
 f - 8 rations


   Skills:
 * Level 5.8 Fighting
 - Level 2.1 Short Blades
 + Level 9.0 Crossbows
 + Level 9.2 Dodging
 - Level 3.0 Spellcasting
 + Level 7.7 Hexes
 - Level 3.0 Invocations
 + Level 0.0 Evocations


You had 2 spell levels left.
You knew the following spells:

 Your Spells              Type           Power        Failure   Level  Hunger
a - Corona                Hex            ####...      1%          1    None
b - Cause Fear            Hex            ####......   9%          4    ####...
c - Blink                 Tloc           N/A          30%         2    ##.....
d - Portal Projectile     Hex/Tloc       ###...       13%         3    ###....
e - Inner Flame           Hex/Fire       ###.....     13%         3    ###....


Dungeon Overview and Level Annotations

Branches:
Dungeon (9/15)             Temple (0/1) D:6
   Lair: D:8-11         Orc: D:9-12

Altars:
Ashenzari
Cheibriados
Dithmenos
Elyvilon
Fedhas
Gozag
Okawaru
Qazlal
Sif Muna
Uskayaw
Vehumet
Xom
Zin

Shops:
D:8 *   D:9 [

Annotations:
D:6 Roran's ghost, novice NaTm


Innate Abilities, Weirdness & Mutations

You are very small and have problems with some larger weapons.
You are too small for most types of armour.
You have supernaturally acute eyesight. (SInv)
You are a herbivore.
You cover ground extremely quickly.
You need to consume almost no food.


Message History

The kobold demonologist looks frightened!
The shadow imp is unaffected.
The sixfirhy is unaffected.
The ice beast looks frightened!
The sixfirhy barely misses you. The sixfirhy completely misses you.
Casting: Cause Fear (safe; 9% risk of failure)
Confirm with . or Enter, or press ? or * to list all spells.
You blink.
The sixfirhy hits you. The sixfirhy shocks you!
The sixfirhy closely misses you. x2
Cornered, the kobold demonologist turns to fight!
Cornered, the ice beast turns to fight!
As you read the scroll of teleportation, it crumbles to dust.
You feel strangely unstable. The sixfirhy barely misses you.
The sixfirhy hits you. The sixfirhy shocks you!
The kobold demonologist mumbles some strange words.
The sixfirhy hits you! The sixfirhy shocks you!
* * * LOW HITPOINT WARNING * * *
The sixfirhy hits you.
* * * LOW HITPOINT WARNING * * *
The sixfirhy shocks you!
You die...

....# #.....#K##..# *,,,,* *,,#
.#### ####.##..#..♣***,,,,****,,#
.# #$....#.5#...,,,,,,,,,,,,,* .#
####.##..#.[.,,,,,,,,,,,,,*
.######*,+,,#.5#############****#
......#***,,#.#.##.........### #
.###### ***#.#.####.#.......# #
..## ##'#3####.#...#.#.# # ...##
##....@.........(#.# # ....#
##.....####.####..#.# ....##
##....>.##.....##..#.#
#....####.......#.......#..#.####
#.......+.......#.......#........
#....####...>......._......#.####
#.#.### ##......#......[#....#
......# ##.....#.......#..###
#.###.# ##....##.....##.## #


You could see a sixfirhy, a shadow imp and an ufetubus.

Vanquished Creatures
  Psyche (D:8)
  A troll (D:7)
  2 hippogriffs
  Prince Ribbit (D:5)
  A spriggan (D:9)
  Menkaure (D:6)
  An eye of draining (D:9)
  4 orc warriors
  An ice beast (D:9)
  2 sky beasts
  2 necrophages (D:9)
  2 phantoms (D:6)
  3 ogres
  A centaur (D:6)
  Blork the orc (D:6)
  5 bullfrogs
  2 wights (D:7)
  2 howler monkeys
  2 crimson imps
  A hound (D:4)
  A bullfrog skeleton (D:9)
  2 orc priests
  Crazy Yiuf (D:7)
  2 gnoll shamans
  A jelly (D:5)
  An iguana (D:4)
  Ijyb (D:1)
  3 orc wizards
  A worker ant (D:8)
  A killer bee zombie (D:7)
  3 hound zombies
  A hound skeleton (D:7)
  12 gnolls
  A howler monkey skeleton (D:4)
  13 adders
  An ooze (D:3)
  2 adder skeletons
  A worm (D:5)
  3 dart slugs
  6 leopard geckos
  39 orcs
  4 giant cockroaches
  10 goblins
  8 hobgoblins
  14 jackals
  5 kobolds
  6 quokkas
  7 bats
  3 frilled lizards
  A leopard gecko skeleton (D:8)
  5 rats
195 creatures vanquished.

Vanquished Creatures (others)
  A goblin (D:2)
1 creature vanquished.

Grand Total: 196 creatures vanquished

Notes
Turn   | Place    | Note
-------+----------+-------------------------------------------
     0 | D:1      | iamserjio the Spriggan Arcane Marksman began the quest for the Orb.
     0 | D:1      | Reached XP level 1. HP: 9/9 MP: 3/3
   138 | D:1      | Reached XP level 2. HP: 14/14 MP: 5/5
   791 | D:1      | Reached XP level 3. HP: 12/17 MP: 7/7
   969 | D:2      | Noticed Ijyb
  1258 | D:1      | Killed Ijyb
  1793 | D:2      | Reached XP level 4. HP: 21/21 MP: 8/8
  1963 | D:2      | Found a white marble altar of Elyvilon.
  2201 | D:3      | Found a radiant altar of Vehumet.
  2395 | D:3      | Found a deep blue altar of Sif Muna.
  2580 | D:3      | Reached XP level 5. HP: 25/25 MP: 10/10
  3743 | D:2      | Found a snail-covered altar of Cheibriados.
  4326 | D:4      | Found an iron altar of Okawaru.
  4334 | D:4      | Became a worshipper of Warmaster Okawaru
  4446 | D:4      | Found an opulent altar of Gozag.
  4688 | D:4      | Noticed an ogre
  4721 | D:4      | Killed an ogre
  4721 | D:4      | Reached skill level 5 in Dodging
  4721 | D:4      | Reached skill level 5 in Hexes
  4721 | D:4      | Reached XP level 6. HP: 18/29 MP: 9/11
  5064 | D:4      | You fall through a shaft!
  5064 | D:5      | Entered Level 5 of the Dungeon
  5068 | D:5      | Found a shimmering altar of Xom.
  5185 | D:4      | Found a glowing silver altar of Zin.
  5324 | D:5      | Found a shattered altar of Ashenzari.
  5410 | D:5      | Noticed a sky beast
  5444 | D:5      | Killed a sky beast
  5653 | D:5      | Reached skill level 5 in Crossbows
  5653 | D:5      | Reached XP level 7. HP: 32/32 MP: 12/12
  5712 | D:5      | Found a shadowy altar of Dithmenos.
  5773 | D:5      | Reached * piety under Okawaru
  6116 | D:6      | Reached skill level 1 in Fighting
  6116 | D:6      | Reached skill level 1 in Invocations
  6118 | D:6      | Noticed Prince Ribbit
  6431 | D:6      | Noticed Blork the orc
  6431 | D:6      | Noticed Menkaure
  6533 | D:5      | Learned a level 4 spell: Cause Fear
  7374 | D:5      | Killed Prince Ribbit
  7612 | D:6      | Reached XP level 8. HP: 39/39 MP: 13/13
  7641 | D:6      | Killed Menkaure
  8343 | D:6      | Noticed Roran's ghost (novice NaTm)
  8374 | D:6      | Found a staircase to the Ecumenical Temple.
  8436 | D:6      | Killed Blork the orc
  8918 | D:7      | Found a runed door.
  8923 | D:7      | Noticed Crazy Yiuf
  8964 | D:7      | Killed Crazy Yiuf
  9780 | D:7      | Noticed a troll
  9815 | D:7      | Killed a troll
  9815 | D:7      | Reached XP level 9. HP: 41/45 MP: 11/14
 10214 | D:7      | Reached ** piety under Okawaru
 10333 | D:8      | Noticed Psyche
 10346 | D:8      | Killed Psyche
 10346 | D:8      | Reached skill level 1 in Short Blades
 10583 | D:8      | Found Qecokezuna's Assorted Antiques.
 10591 | D:8      | Bought a buckler for 135 gold pieces
 10596 | D:8      | Got a steaming cloak
 10612 | D:8      | Found a stormy altar of Qazlal.
 10675 | D:8      | Identified the +2 cloak of the Ecumenical Temple {rPois MR+ Int+3 Dex-5} (You found it on level 8 of the Dungeon)
 10744 | D:8      | Reached skill level 5 in Fighting
 11737 | D:9      | Found a flagged portal.
 11772 | Bailey   | Entered a bailey
 11881 | Bailey   | Learned a level 2 spell: Blink
 11885 | Bailey   | Learned a level 3 spell: Portal Projectile
 11889 | Bailey   | Learned a level 3 spell: Inner Flame
 12020 | Bailey   | Noticed an orc knight
 12021 | Bailey   | Noticed an orc knight
 12260 | Bailey   | Noticed an orc knight
 13119 | D:9      | Found a blossoming altar of Fedhas.
 13159 | D:9      | Found a hide-covered altar of Uskayaw.
 13207 | D:9      | Reached XP level 10. HP: 37/53 MP: 13/15
 13679 | D:9      | Found Nara's Antique Armour Shoppe.
 13685 | D:9      | Bought a pitted cloak for 209 gold pieces
 13695 | D:9      | Identified the +1 cloak of Catatonia {Str+9 Int+2} (You bought it in a shop on level 9 of the Dungeon)
 13858 | D:9      | Noticed a sixfirhy
 13867 | D:9      | HP: 1/53 [sixfirhy[a kobold demonologist] (5)]
 13867 | D:9      | Mangled by a sixfirhy

Vault maps used:
D:1:      saegor_arrival_simple_b
D:2:      kennysheep_the_goblin_king, nicolae_overflow_hidden_temple,
          elyvilon_altar_4
D:3:      nicolae_overflow_crystal_walls, overflow_temple_1_default,
          grunt_ministairs_2
D:4:      kennysheep_mini, lemuel_coloured_pillars_altar, okawaru_gym_becter,
          first_ration
D:5:      lemuel_crystal_altar, lemuel_crystal_altar,
          cheibrodos_ashenzari_chains
D:6:      minmay_temple_entry_statues_fountains, corexii_leaking_fountain,
          kennysheep_nondescript, uniq_blork_the_orc, uniq_menkaure,
          uniq_prince_ribbit1
D:7:      uniq_crazy_yiuf_cottage
D:8:      old_standard_altar, serial_shops, nicolae_shop_stone, uniq_psyche
D:9:      eat_drink_and_be_merry_uskayaw, old_standard_altar, enter_bailey_2,
          serial_shops, nicolae_shop_crystal, grunt_pizzeria, kennysheep_dice
Bailey:   bailey_polearm_1, bailey

Skill      XL: |  1  2  3  4  5  6  7  8  9 10 |
---------------+-------------------------------+-----
Spellcasting   | 2 3 |  3.0
Hexes          | 4 5 6 7 |  7.7
Crossbows      | 3 4 5 6 7 8 9 |  9.0
Dodging        | 4 5 6 7 9 |  9.2
Fighting       | 2 4 5 |  5.8
Invocations    | 2 3 |  3.0
Short Blades   | 2 |  2.1

Action                   |  1- 3 |  4- 6 |  7- 9 | 10-12 || total
-------------------------+-------+-------+-------+-------++-------
Melee: Dagger            |     6 |    50 |       |       ||    56
       Unarmed           |     5 |       |       |       ||     5
       Spear             |       |       |    14 |       ||    14
       Short sword       |       |       |   388 |    16 ||   404
       Rapier            |       |       |    21 |       ||    21
       Punch             |       |       |     5 |       ||     5
 Fire: Hand crossbow     |    73 |   162 |   269 |    35 ||   539
 Cast: Corona            |     1 |    10 |     5 |       ||    16
       Cause Fear        |       |       |       |     2 ||     2
       Blink             |       |       |       |     1 ||     1
Invok: Heroism           |       |       |    29 |     1 ||    30
Evoke: Wand              |       |       |    38 |       ||    38
  Use: Scroll            |       |     8 |     8 |     1 ||    17
 Stab: Paralysed         |       |       |    36 |       ||    36
       Sleeping          |       |       |     1 |       ||     1
       Distracted        |       |       |       |     1 ||     1
  Eat: Ration            |       |     1 |     3 |     1 ||     5
Armor: Robe              |     2 |     2 |    31 |       ||    35
Dodge: Dodged            |    37 |   102 |   552 |    26 ||   717
Block: Buckler           |       |       |     6 |       ||     6

Table legend:
 A = Spawn XP
 B = Non-spawn XP
 C = Spawn XP percentage of total XP
 D = Spawn monster count
 E = Non-spawn monster count
 F = Spawn count percentage of total count
 G = Total turns spent on level
                    A         B        C        D         E        F      G
               +---------+---------+-------+---------+---------+-------+---------
         Total |       0 |    6094 |   0.0 |       0 |     195 |   0.0 | 13867
               +---------+---------+-------+---------+---------+-------+---------
           D:1 |       0 |      77 |   0.0 |       0 |      21 |   0.0 |  1520
           D:2 |       0 |      46 |   0.0 |       0 |      22 |   0.0 |  1199
           D:3 |       0 |     117 |   0.0 |       0 |      20 |   0.0 |  1413
           D:4 |       0 |     243 |   0.0 |       0 |      12 |   0.0 |  1386
           D:5 |       0 |     711 |   0.0 |       0 |      18 |   0.0 |  2148
           D:6 |       0 |     973 |   0.0 |       0 |      12 |   0.0 |  1332
           D:7 |       0 |    1256 |   0.0 |       0 |      28 |   0.0 |  1335
           D:8 |       0 |     832 |   0.0 |       0 |      18 |   0.0 |  1327
           D:9 |       0 |    1386 |   0.0 |       0 |      24 |   0.0 |  1163
        Bailey |       0 |     453 |   0.0 |       0 |      20 |   0.0 |  1044
               +---------+---------+-------+---------+---------+-------+---------
